Map: [ESL] Dynasty

Players

Lambo

  • Race: Zerg Zerg
  • Spawn Location: 7:00

HeroMarine - Winner!

  • Race: Terran Terran
  • Spawn Location: 1:00

Event: ESL SC2 Masters 2024 Spring (Regional)

VOD

Have the link to the VOD?

Description

Time

  • Played on: April 25, 2024, 10:49 a.m.
  • Length: 9:13

All games in this series

Show
View Real Time Build Order
Export as new Build Order

Lambo Zerg 

Build Orders: Hatch First 

Get SALT Encoding   

  12  0:00  Drone  
  13  0:13  Overlord  
  13  0:17  Drone  
  14  0:32  Drone x2  
  16  0:47  Hatchery  
  15  0:51  Drone  
  15  0:54  Drone  
  17  0:57  Drone  
  18  1:08  Extractor  
  17  1:13  Spawning Pool  
  17  1:16  Drone  
  17  1:19  Drone  
  18  1:28  Drone  
  19  1:40  Drone  
  20  1:50  Drone  
  21  1:59  Queen x2  
  21  2:00  Zergling x2  
  21  2:01  Zergling x2  
  27  2:10  Drone  
  27  2:11  Overlord  
  28  2:20  Hatchery  
  27  2:23  Drone  
  28  2:30  Drone  
  28  2:31  Drone  
  28  2:32  Drone  
  31  2:40  Queen  
  33  2:44  Overlord  
  33  2:50  Drone  
  34  2:51  Metabolic Boost  
  34  2:54  Drone  
  34  2:56  Drone  
  36  3:02  Queen  
  36  3:05  Drone  
  39  3:07  Drone  
  39  3:10  Drone  
  41  3:15  Drone x3  
  44  3:21  Overlord  
  44  3:25  Overlord  
  44  3:32  Drone, Queen  
  47  3:35  Queen  
  47  3:38  Drone  
  47  3:41  Drone x2  
  52  3:46  Queen  
  54  3:50  Drone x2  
  54  3:51  Drone  
  54  3:53  Zergling x2  
  58  3:56  Drone x2  
  58  4:02  Zergling x2  
  61  4:04  Evolution Chamber  
  61  4:08  Drone x4  
  60  4:14  Drone x3  
  63  4:18  Drone x3  
  66  4:24  Overlord  
  66  4:32  Lair  
  66  4:41  Hatchery  
  66  4:42  Drone x2, Queen  
  66  4:45  Drone x2  
  71  4:49  Spore Crawler, Drone x2  
  72  4:52  Spore Crawler  
  72  4:53  Spore Crawler  
  72  4:55  Drone  
  72  4:57  Drone x2  
  72  4:59  Drone  
  74  5:03  Extractor  
  74  5:04  Extractor  
  74  5:05  Extractor  
  74  5:06  Baneling Nest, Drone x2  
  73  5:07  Drone x2  
  74  5:22  Evolution Chamber  
  74  5:23  Evolution Chamber, Spore Crawler, Queen  
  74  5:25  Drone  
  74  5:34  Overlord  
  74  5:37  Overseer  
  74  5:38  Overlord  
  74  5:42  Overlord  
  74  5:45  Overlord  
  74  5:46  Overlord  
  74  5:47  Overseer  
  74  5:50  Centrifugal Hooks  
  74  5:55  Drone x9  
  74  5:56  Hatchery  
  82  5:57  Drone  
  82  6:00  Zerg Melee Weapons Level 1  
  82  6:04  Zergling x4  
  85  6:09  Zergling x6  
  88  6:16  Zergling x16  
  96  6:24  Zergling x4  
  96  6:25  Zergling x8  
  102  6:31  Hatchery  
  102  6:32  Zergling x2  
  102  6:33  Zergling x6  
  102  6:39  Zergling x12  
  111  6:40  Overlord  
  111  6:42  Overlord  
  111  6:43  Overlord  
  111  6:52  Drone x6  
  111  6:53  Baneling x10  
  117  6:58  Baneling x4  
  117  7:00  Baneling x3  
  117  7:02  Zergling x8  
  117  7:05  Zerg Ground Armor Level 1  
  117  7:08  Zergling x6  
  124  7:09  Drone  
  124  7:13  Zergling x10  
  130  7:15  Baneling x5  
  130  7:21  Baneling x8  
  130  7:22  Zergling x6  
  133  7:23  Zergling x2  
  133  7:26  Zergling x2  
  133  7:27  Zergling x4  
  133  7:29  Zergling x4  
  133  7:34  Zergling x2  
  134  7:40  Overlord x3  
  134  7:41  Overlord  
  134  7:43  Overlord  
  134  7:45  Baneling x10  
  134  7:47  Zergling x12  
  134  7:50  Overlord  
  139  7:58  Overlord  
  139  8:02  Baneling  
  139  8:06  Zergling x30  
  139  8:09  Zergling x6  
  139  8:11  Zergling x6  
  153  8:14  Zergling x8  
  152  8:22  Zergling x16  
  146  8:30  Zergling x10  
  138  8:38  Zergling x2  
  138  8:39  Zergling x14, Baneling  
  138  8:40  Baneling x14  
  127  8:43  Zergling x2  
  127  8:45  Zergling x4  
  127  8:47  Zergling x6  
  130  8:52  Zergling x2  
  130  8:53  Zergling x6, Overlord  
Show
View Real Time Build Order
Export as new Build Order

HeroMarine Terran - Winner!

Build Orders: Reaper Expand, Hellion Banshee 

Get SALT Encoding   

  12  0:00  SCV  
  13  0:12  SCV  
  14  0:17  Supply Depot  
  14  0:24  SCV  
  15  0:38  SCV  
  15  0:40  Barracks  
  16  0:43  Refinery  
  16  0:50  SCV  
  17  1:03  SCV  
  18  1:15  SCV  
  19  1:27  Orbital Command, Reaper  
  20  1:39  Command Center  
  20  1:48  Supply Depot  
  20  1:53  SCV  
  21  1:59  Marine  
  22  2:05  SCV  
  23  2:10  Factory  
  23  2:17  SCV  
  23  2:22  Barracks Reactor  
  24  2:29  SCV  
  25  2:39  Command Center  
  25  2:42  SCV  
  26  2:52  Orbital Command  
  26  2:54  SCV  
  27  3:01  Starport  
  27  3:06  SCV  
  27  3:07  Refinery  
  27  3:08  Hellion  
  30  3:14  Hellion  
  30  3:18  SCV x2  
  34  3:22  Barracks Tech Lab  
  34  3:30  SCV x2  
  34  3:34  Hellion  
  38  3:35  Hellion  
  40  3:42  SCV x2  
  40  3:45  Banshee  
  45  3:51  Orbital Command  
  45  3:54  SCV x2, Barracks Tech Lab  
  47  3:57  Hellion  
  47  3:59  Hellion  
  51  4:06  SCV x2  
  53  4:15  Stimpack, Marine  
  49  4:18  SCV  
  49  4:19  SCV, Hellion  
  49  4:20  Hellion  
  49  4:22  SCV  
  49  4:23  Supply Depot  
  56  4:30  SCV  
  56  4:31  SCV  
  58  4:34  SCV  
  58  4:35  Barracks  
  58  4:37  Starport Reactor, Barracks  
  59  4:38  Marine  
  59  4:43  SCV  
  59  4:45  SCV  
  62  4:46  SCV  
  62  4:47  Supply Depot  
  62  4:50  Refinery  
  62  4:52  Siege Tank  
  66  4:55  SCV  
  66  4:57  SCV  
  66  4:58  SCV, Engineering Bay  
  66  4:59  Engineering Bay  
  69  5:03  Supply Depot  
  69  5:08  SCV, Marine  
  69  5:09  SCV  
  69  5:11  SCV  
  69  5:12  Barracks  
  69  5:13  Refinery, Barracks  
  73  5:20  SCV  
  74  5:21  SCV  
  74  5:22  Starport Reactor  
  74  5:26  Marine  
  76  5:28  Terran Infantry Weapons Level 1, Terran Infantry Armor Level 1  
  76  5:31  Barracks  
  76  5:32  SCV  
  76  5:33  Barracks  
  76  5:34  SCV  
  79  5:35  SCV  
  79  5:37  Barracks  
  79  5:44  SCV, Siege Tank  
  79  5:46  SCV  
  79  5:47  SCV  
  79  5:49  Supply Depot  
  85  5:50  Supply Depot x2  
  85  5:51  Supply Depot  
  85  6:01  Barracks Reactor x2  
  85  6:02  Combat Shield  
  85  6:07  Supply Depot  
  85  6:10  Medivac, Marine x5  
  92  6:11  Medivac  
  92  6:12  Refinery  
  92  6:16  SCV  
  97  6:19  Marine  
  97  6:20  Supply Depot  
  97  6:24  Marine x2  
  98  6:28  Marine x5  
  98  6:30  Siege Tank  
  98  6:32  Supply Depot  
  106  6:33  Supply Depot  
  106  6:36  Marine  
  106  6:39  Marine x3  
  110  6:40  Marine  
  110  6:42  Marine x2  
  110  6:43  Supply Depot  
  110  6:45  Medivac x2, Supply Depot  
  110  6:46  Supply Depot, Marine x5  
  122  6:51  Armory  
  122  6:54  Marine  
  122  6:57  Marine x3  
  122  6:58  Marine  
  122  7:00  Marine x2  
  129  7:03  Marine x3  
  129  7:07  Siege Tank  
  135  7:09  Supply Depot  
  135  7:12  Marine x2  
  135  7:13  Marine  
  135  7:15  Marine  
  139  7:16  Marine x3  
  139  7:17  Medivac x2, Marine  
  147  7:25  Marine x2  
  147  7:27  Supply Depot  
  147  7:28  Marine x2  
  151  7:30  Marine x2  
  151  7:31  Marine  
  151  7:32  Marine  
  151  7:33  Marine  
  151  7:34  Marine  
  157  7:37  Marine x2  
  157  7:40  Siege Tank  
  157  7:43  Marine x2  
  164  7:46  Marine x2  
  164  7:47  Marine  
  164  7:48  Marine x2  
  164  7:50  Marine  
  170  7:51  Marine x2  
  170  7:55  Marine x2  
  174  8:01  Marine x2  
  174  8:04  Medivac, Marine x2  
  174  8:05  Marine x2  
  180  8:06  Marine  
  180  8:10  Marine x2  
  180  8:11  Marine  
  180  8:12  Siege Tank  
  187  8:13  Marine x2  
  189  8:20  Liberator, Marine x2  
  189  8:22  Marine  
  189  8:23  Marine  
  189  8:24  Marine x2  
  172  8:27  Marine  
  172  8:28  Marine x2  
  172  8:29  Marine  
  172  8:31  Marine x2  
  160  8:38  SCV x2  
  160  8:39  SCV  
  151  8:50  SCV x2  
Tags
 
Add a new tag
Caveats
  • Supply blocks, unpowered buildings, or Contaminate may cause inaccurate times.
  • Supply counts are checked every 10 seconds.